 Dungeon Crawl Stone Soup version 0.22.1-2-g9c5b331 (webtiles) character file.

56 MalarOregon the Chiller (level 3, 0/39 HPs)
             Began as a Merfolk Ice Elementalist on Nov 21, 2018.
             Succumbed to an adder's poison
             ... on level 2 of the Dungeon.
             The game lasted 00:07:01 (2205 turns).

MalarOregon the Chiller (Merfolk Ice Elementalist)  Turns: 2205, Time: 00:07:02

Health: 0/39       AC:  2    Str: 10 (13) XL:     3   Next: 95%
Magic:  1/6        EV: 12    Int: 14 (15) God:
Gold:   58         SH:  0    Dex: 13 (14) Spells: 5/6 levels left

rFire    . . .     SeeInvis .   h - +0 dagger
rCold    . . .     Gourm    .   (no shield)
rNeg     . . .     Faith    .   a - +0 robe
rPois    .         Spirit   .   (no helmet)
rElec    .         Reflect  .   (no cloak)
rCorr    .         Harm     .   (no gloves)
MR       .....                  (no boots)
Stlth    ..........             (no amulet)
HPRegen  0.13/turn              (no ring)
MPRegen  0.10/turn              (no ring)

@: berserking, lethally poisoned (0 -> -4), very slightly contaminated, heavily
drained, very quick
A: change form in water, swift swim, stealthy swim
a: no special abilities


You were on level 2 of the Dungeon.
You were not hungry.

You visited 1 branch of the dungeon, and saw 2 of its levels.

You collected 58 gold pieces.

Inventory:

Hand Weapons
 h - a +0 dagger (weapon)
   (You took it off a kobold on level 1 of the Dungeon)
Missiles
 d - 63 stones
 l - a javelin of penetration (quivered)
 m - 33 poisoned needles
Armour
 a - a +0 robe (worn)
Scrolls
 b - a scroll of teleportation {unknown}
 g - 3 scrolls of identify {unknown}
 i - a scroll of random uselessness {unknown}
 k - a scroll of fear {unknown}
 o - a scroll of amnesia {unknown}
 q - a scroll of remove curse {unknown}
Potions
 f - a potion of might {unknown}
 r - a potion of curing {unknown}
Comestibles
 c - 3 chunks of flesh
 e - 2 rations {!d}


   Skills:
 + Level 1.2(0.0) Fighting
 + Level 1.0(0.0) Throwing
 + Level 3.3(2.0) Dodging
 - Level 2.1(0.9) Stealth
 + Level 2.3(1.1) Spellcasting
   Level 0.7(0.0) Conjurations
 * Level 4.0(2.7) Ice Magic


You had 5 spell levels left.
You knew the following spells:

 Your Spells              Type           Power        Failure   Level  Hunger
a - Freeze                Ice            #...         9%          1    ##.....

Your spell library contained the following spells:

 Spells                   Type           Power        Failure   Level  Hunger
 Throw Frost              Conj/Ice       #.....       22%         2    ###....
 Ozocubu's Armour         Chrm/Ice       #.......     41%         3    ####...
 Summon Ice Beast         Ice/Summ       #.......     83%         4    #####..
 Throw Icicle             Conj/Ice       #.......     83%         4    #####..


Dungeon Overview and Level Annotations

Branches:
Dungeon (2/15)

Altars:


Message History

You start resting.
Eating one of 4 chunks of flesh.
You eat one of the 4 chunks of flesh.
An adder comes into view.
Throwing (i - inventory. (/) - cycle)
l - 4 javelins of penetration (quivered)
Aim: an adder (hasn't noticed you)
You throw a javelin of penetration.
The javelin of penetration barely misses the adder.
The adder hisses angrily.
Throwing (i - inventory. (/) - cycle)
l - 3 javelins of penetration (quivered)
Aim: an adder You throw a javelin of penetration.
The javelin of penetration closely misses the adder.
Throwing (i - inventory. (/) - cycle)
l - 2 javelins of penetration (quivered)
Aim: an adder You throw a javelin of penetration.
The javelin of penetration closely misses the adder.
Aim: an adder You freeze the adder.
The adder barely misses you.
Aim: an adder (moderately wounded)
You freeze the adder. The adder barely misses you.
Aim: an adder (moderately wounded)
You freeze the adder.
The adder seems to slow down.
The adder barely misses you.
Aim: an adder (heavily wounded, slow)
You freeze the adder.
The adder seems to slow down.
The adder bites you.
* * * LOW HITPOINT WARNING * * *
You are lethally poisoned!
The adder poisons you!
Aim: an adder (severely wounded, slow)
You freeze the adder.
You kill the adder!
* * * LOW HITPOINT WARNING * * *
You feel sick.
It was a potion of degeneration.
There was something very wrong with that liquid.
You feel weakened.
You feel dopey.
You feel clumsy.
* * * LOW HITPOINT WARNING * * *
You feel sick.
Unknown command.
It was a potion of berserk rage.
A red film seems to cover your vision as you go berserk!
You feel yourself moving faster!
You feel mighty!
You are too berserk!
You are too berserk!
Unknown command.
You are too berserk!
You are too berserk!
Unknown command.
You feel a strong urge to attack something.
You die...

######### ##...#...##
##.........##
#...........# #...#
#...........#### #...#
#..............# #...#
#.........#...# #...#
##......@##...#
#...#####.......†.....#
................(.....#
.....##........(......#
................(.....#
....###......(.....####
...................#######
.....#..#...#(..<.........
.###....)..##...(.........


There were no monsters in sight!

Vanquished Creatures
  An adder (D:2)
  2 dart slugs (D:1)
  3 leopard geckos
  4 giant cockroaches
  3 goblins
  3 hobgoblins (D:1)
  A quokka (D:2)
  2 ball pythons
  2 bats
  4 frilled lizards
  9 kobolds
  5 rats
39 creatures vanquished.

Notes
Turn   | Place    | Note
-------+----------+-------------------------------------------
     0 | D:1      | MalarOregon the Merfolk Ice Elementalist began the quest
                  | for the Orb.
     0 | D:1      | Reached XP level 1. HP: 13/13 MP: 3/3
   341 | D:1      | Reached XP level 2. HP: 17/19 MP: 0/5
   904 | D:1      | Reached XP level 3. HP: 20/25 MP: 0/6
  1172 | D:1      | Reached skill level 1 in Fighting
  1914 | D:1      | HP: 1/26 [howler monkey (4)]
  2139 | D:1      | HP: 1/26 [howler monkey (2)]
  2166 | D:2      | Reached skill level 4 in Ice Magic
  2168 | D:2      | Reached skill level 1 in Throwing
  2202 | D:2      | HP: 1/26 [poisoned by an adder]
  2205 | D:2      | Succumbed to an adder's poison

Skill      XL: |  1  2  3 |
---------------+----------+-----
Dodging        | 3 |  3.3
Fighting       | 1 |  1.2
Ice Magic      | 4 |  4.0
Throwing       | 1 |  1.0
Stealth        | |  2.1
Spellcasting   | |  2.3
Conjurations   | |  0.7

Action                   || total
-------------------------++-------
Melee: Unarmed           ||    28
       Dagger            ||    36
Throw: Stone             ||     4
       Javelin           ||     3
 Cast: Freeze            ||    68
  Use: Potion            ||     2
       Scroll            ||     1
 Stab: Sleeping          ||     1
  Eat: Chunk             ||     6
Armor: Robe              ||    22
Dodge: Dodged            ||    93
